 Dungeon Crawl Stone Soup version 0.23.2-1-ga50397a6bc (webtiles) character file.

Game seed: 17039031906238981079

209 Holzbalken the Poker (level 5, -5/38 HPs)
             Began as a Demonspawn Gladiator on May 30, 2019.
             Slain by a gnoll
             ... wielding a +0 flail
              (8 damage)
             ... on level 3 of the Dungeon.
             The game lasted 00:13:40 (4199 turns).

Holzbalken the Poker (Demonspawn Gladiator)         Turns: 4199, Time: 00:13:42

Health: -5/38      AC:  5    Str: 15    XL:     5   Next: 55%
Magic:  0/5        EV: 12    Int:  9    God:
Gold:   188        SH:  0    Dex: 15    Spells: 4/4 levels left

rFire    . . .     SeeInvis .   g - +0 halberd
rCold    . . .     Gourm    .   (shield currently unavailable)
rNeg     . . .     Faith    .   j - +0 ring mail
rPois    .         Spirit   +   (helmet restricted)
rElec    .         Reflect  .   (no cloak)
rCorr    .         Harm     .   (no gloves)
MR       .....                  (no boots)
Stlth    +.........             (no amulet)
HPRegen  0.12/turn              (no ring)
MPRegen  0.09/turn              (no ring)

@: no status effects
A: horns 1, magic shield
a: no special abilities


You were on level 3 of the Dungeon.
You were near starving.

You visited 1 branch of the dungeon, and saw 4 of its levels.

You collected 188 gold pieces.

Inventory:

Hand Weapons
 g - a +0 halberd (weapon)
Missiles
 d - 3 throwing nets (quivered)
Armour
 b - a +0 leather armour
 c - a +0 helmet
 j - a +0 ring mail (worn)
Wands
 k - a wand of flame (11)
Scrolls
 a - a scroll of amnesia {unknown}
 h - a scroll of blinking {unknown}
 i - 4 scrolls of identify {unknown}
 n - 2 scrolls of teleportation {unknown}
 p - a scroll of enchant armour {unknown}
 q - a scroll of remove curse {unknown}
Potions
 e - a potion of invisibility {unknown}
 l - a potion of haste {unknown}
 m - a potion of brilliance {unknown}
 o - 2 potions of curing
Comestibles
 f - 5 rations


   Skills:
 - Level 2.1 Fighting
 + Level 5.7 Polearms
 - Level 1.7 Throwing
 - Level 2.7 Dodging


You had 4 spell levels left.
You didn't know any spells.
Your spell library was empty.

Dungeon Overview and Level Annotations

Branches:
Dungeon (4/15)
 Temple: D:4-7

Altars:
Okawaru
Wu Jian

Annotations:
D:3 1 runed translucent door, TheAraber's ghost, weakling DENe


Innate Abilities, Weirdness & Mutations

You have a pair of small horns on your head.
When hurt, damage is shared between your health and your magic reserves.


Message History

The gnoll hits you with a +0 flail!
* * * LOW HITPOINT WARNING * * *
The gnoll hits you but does no damage.
There is a stone staircase leading up here.
The gnoll closely misses you. The gnoll hits you with a +0 flail.
* * * LOW HITPOINT WARNING * * *
You climb upwards.
Level annotation: 1 runed translucent door, TheAraber's ghost, weakling DENe You are near starving!
There is a stone staircase leading down here.
You closely miss the gnoll.
The gnoll is heavily wounded.
The gnoll hits you. The gnoll closely misses you.
You hit the gnoll.
You headbutt the gnoll, but do no damage.
The gnoll is almost dead.
The gnoll hits you.
* * * LOW HITPOINT WARNING * * *
The gnoll hits you with a +0 flail!
You die...

#.#.# #.##..#.##########
#.#.# #.##..#.##........
#.#.# #.##..#.##........
#.#.# #.##..#.##........
#.#.# #.##..#.##########
#.#.###.##..#.########
#.#..................#
#......gg..........#####
#######@...........'....
###.#......(.#####
#.#.............
#.#.............
#.#...........).
#.#.............
###'#####+#.......
#.................
#.................


You could see 2 gnolls.

Vanquished Creatures
  Ijyb (D:3)
  A hound zombie (D:4)
  8 gnolls
  2 adders
  3 worms
  A dart slug (D:3)
  2 leopard geckos
  An orc (D:3)
  4 giant cockroaches
  4 goblins
  8 hobgoblins
  4 jackals (D:1)
  A quokka (D:3)
  10 bats
  7 frilled lizards
  6 kobolds
  5 rats
68 creatures vanquished.

Notes
Turn   | Place    | Note
-------+----------+-------------------------------------------
     0 | D:1      | Holzbalken the Demonspawn Gladiator began the quest for the
                  | Orb.
     0 | D:1      | Reached XP level 1. HP: 16/16 MP: 1/1
   113 | D:1      | Reached skill level 3 in Polearms
   158 | D:1      | Gained mutation: You have a pair of small horns on your
                  | head. [demonic ancestry]
   158 | D:1      | Reached XP level 2. HP: 5/22 MP: 2/2
   682 | D:1      | Reached XP level 3. HP: 24/27 MP: 3/3
  1128 | D:2      | Reached skill level 4 in Polearms
  1330 | D:2      | Found an iron altar of Okawaru.
  1674 | D:2      | Gained mutation: When hurt, damage is shared between your
                  | health and your magic reserves. [demonic ancestry]
  1674 | D:2      | Reached XP level 4. HP: 30/33 MP: 4/4
  2127 | D:2      | Found an ornate altar of the Wu Jian Council.
  2399 | D:3      | Reached skill level 5 in Polearms
  2556 | D:3      | Reached XP level 5. HP: 24/38 MP: 2/5
  2717 | D:3      | Noticed Ijyb
  2734 | D:3      | Killed Ijyb
  2999 | D:3      | Noticed TheAraber's ghost (weakling DENe)
  3002 | D:3      | Found a runed translucent door.
  4199 | D:3      | Slain by a gnoll

Skill      XL: |  1  2  3  4 |
---------------+-------------+-----
Polearms       | 3 4 5 |  5.7
Fighting       | |  2.1
Throwing       | |  1.7
Dodging        | |  2.7

Action                   |  1- 3 |  4- 6 || total
-------------------------+-------+-------++-------
Melee: Trident           |   124 |       ||   124
       Headbutt          |     9 |    16 ||    25
       Halberd           |     2 |   118 ||   120
  Use: Potion            |       |     1 ||     1
  Eat: Chunk             |     2 |     7 ||     9
Armor: Leather armour    |    31 |       ||    31
       Ring mail         |       |    21 ||    21
Dodge: Dodged            |    87 |    75 ||   162
